 Dungeon Crawl Stone Soup version 0.29.1-12-g30fa7ad0bf (webtiles) character file.

Game seed: 7354073072023398028

150 Radix the Sneak (level 5, -4/42 HPs)
             Began as a Human Brigand on Dec 15, 2022.
             Splashed by a jelly's acid (8 damage)
             ... on level 4 of the Dungeon.
             The game lasted 00:14:45 (3176 turns).

Radix the Sneak (Human Brigand)                     Turns: 3176, Time: 00:14:46

Health: -4/42      AC: -10   Str: 16 (17) XL:     5   Next: 58%
Magic:  5/5        EV:  9    Int: 11 (12) God:
Gold:   123        SH:  3    Dex: 15 (16) Spells: 4/4 levels left

rFire   . . .      SeeInvis .   a - +2 dagger
rCold   . . .      Faith    .   o - +0 buckler
rNeg    . . .      Spirit   .   k - +0 scale mail
rPois   .          Reflect  .   y - +0 hat
rElec   .          Harm     .   c - +0 cloak
rCorr   .          Rampage  .   (no gloves)
Will    .....                   u - +2 pair of boots
Stlth   +.........              m - amulet of the acrobat
HPRegen 0.14/turn               r - +6 ring of strength
MPRegen 0.09/turn               (no ring)

@: corroded, hasted, very quick
A: no striking features
a: no special abilities


You were on level 4 of the Dungeon.
You visited 1 branch of the dungeon, and saw 4 of its levels.

You collected 123 gold pieces.

Inventory:

Hand Weapons
 a - a +2 dagger (weapon)
 v - a +0 dagger of venom
 E - a +0 morningstar
Missiles
 d - 15 poisoned darts (quivered)
 e - 3 curare-tipped darts
Armour
 b - a +0 robe
 c - a +0 cloak (worn)
 f - a +0 pair of boots
 k - a +0 scale mail (worn)
 o - a +0 buckler (worn)
 u - a +2 pair of boots (worn)
 y - a +0 hat (worn)
Jewellery
 g - a ring of ice
 m - an amulet of the acrobat (around neck)
 r - a +6 ring of strength (left hand)
Scrolls
 h - 5 scrolls of teleportation {unknown}
 i - a scroll of noise {unknown}
 j - 2 scrolls of butterflies {unknown}
 l - 5 scrolls of identify {unknown}
 q - a scroll of torment {unknown}
 x - a scroll of immolation {unknown}
 B - a scroll of enchant weapon {unknown}
 C - a scroll of fear {unknown}
 F - a scroll of magic mapping {unknown}
 G - a scroll of enchant armour {unknown}
Potions
 n - a potion of degeneration
 p - a potion of haste
 s - 2 potions of cancellation {unknown}
 t - a potion of curing {unknown}
 w - a potion of heal wounds {unknown}
 z - 3 potions of lignification {unknown}
 A - a potion of invisibility {unknown}
 D - a potion of might {unknown}


   Skills:
 + Level 4.0 Fighting
 + Level 4.0 Short Blades
 - Level 2.0 Throwing
 - Level 1.0 Dodging
 - Level 4.0 Stealth


You had 4 spell levels left.
You didn't know any spells.
Your spell library contained the following spells:

 Spells                   Type           Power      Damage    Failure   Level
 Portal Projectile        Hex/Tloc       0%         N/A       99%         3
 Tukima's Dance           Hex            0%         N/A       99%         3
 Blade Hands              Tmut           0%         N/A       100%        5


Dungeon Overview and Level Annotations

Branches:
Dungeon (4/15)
 Temple: D:4-7

Altars:
Dithmenos
Fedhas
Kikubaaqudgha
Sif Muna

Shops:
D:1 (([(*


Message History

Found a stone staircase leading up.
There is a stone staircase leading up here.
Done exploring.
Done exploring.
There is a stone staircase leading down here.
You climb downwards.
There is a stone staircase leading up here.
You hear a distant slurping noise.
A jelly comes into view.
The jelly closely misses you.
You hit the jelly.
Your hands burn!
The jelly is lightly wounded.
You hit the jelly. The acid corrodes you!
Your hands burn!
The jelly is moderately wounded.
The jelly hits you but does no damage.
You hit the jelly but do no damage.
Your hands burn!
The jelly is moderately wounded.
The jelly closely misses you.
You hit the jelly.
Your hands burn!
The jelly is moderately wounded.
The jelly hits you but does no damage.
You hit the jelly.
Your hands burn!
The jelly is heavily wounded.
The jelly barely misses you.
You hit the jelly but do no damage. The acid corrodes you!
Your hands burn!
The jelly is heavily wounded.
The jelly closely misses you.
You hit the jelly but do no damage. The acid corrodes you!
Your hands burn!
The jelly is heavily wounded.
The jelly hits you. The acid corrodes you!
You are splashed with acid!
* * * LOW HITPOINT WARNING * * *
Okay, then.
It was a potion of degeneration.
There was something very wrong with that liquid.
You feel weakened.
You feel dopey.
You feel clumsy. The jelly closely misses you.
It was a potion of haste.
You feel yourself speed up. The jelly hits you.
* * * LOW HITPOINT WARNING * * *
The acid corrodes you!
You are splashed with acid!
You die...

### ..# #.#
#.#####.###
......J...# #@# #.#
#.# #####.# #.....#
#.#################
#.................#
#################.#
#.#


You could see a jelly.

Vanquished Creatures
  An iguana (D:3)
  4 gnolls (D:2)
  3 adders
  An orc (D:3)
  3 endoplasms
  5 giant cockroaches
  7 goblins
  4 hobgoblins
  6 kobolds
  2 quokkas
  5 ball pythons
  7 bats
  3 frilled lizards
  3 rats
54 creatures vanquished.

Notes
Turn   | Place    | Note
-------+----------+-------------------------------------------
     0 | D:1      | Radix the Human Brigand began the quest for the Orb.
     0 | D:1      | Reached XP level 1. HP: 16/16 MP: 1/1
    49 | D:1      | Found Keku's Antique Weapon Boutique.
   147 | D:1      | Found Fissothi's Antique Weapon Shop.
   151 | D:1      | Found Hakkupn's Antique Armour Shoppe.
   420 | D:1      | Reached XP level 2. HP: 23/23 MP: 2/2
   641 | D:1      | Found Zukebru's General Store.
  1019 | D:1      | Found Okhletto's Weapon Emporium.
  1313 | D:2      | Found an ancient bone altar of Kikubaaqudgha.
  1496 | D:2      | Reached XP level 3. HP: 26/28 MP: 3/3
  1973 | D:2      | Reached XP level 4. HP: 32/35 MP: 4/4
  2313 | D:3      | Reached XP level 5. HP: 42/42 MP: 5/5
  2488 | D:3      | Found a shadowy altar of Dithmenos.
  2544 | D:3      | Found a blossoming altar of Fedhas.
  2545 | D:3      | Found a shimmering blue altar of Sif Muna.
  3176 | D:4      | Splashed by a jelly's acid

Illustrated notes

Levels and vault maps discovered:
D:1:      matt_arrival_los_fun, layout_basic, serial_shops,
          nicolae_shop_hallway_plus, nicolae_shop_crystal,
          nicolae_shop_statue_plus, shop, shop_fountains
D:2:      layout_basic, basic_altar
D:3:      layout_loops_cross, nicolae_dithmenos_the_darkroom,
          jmf_multi_god_temple
D:4:      black_bear_nest_2, layout_basic, old_standard_altar, minitemple,
          mainiacjoe_overflow_alcove_1, feat_on_display

Skill      XL: |  1  2  3  4  5 |
---------------+----------------+-----
Fighting       | 3 4 |  4.0
Short Blades   | 3 4 |  4.0
Throwing       | |  2.0
Dodging        | |  1.0
Stealth        | |  4.0

Action                   |  1- 3 |  4- 6 || total
-------------------------+-------+-------++-------
Melee: Dagger            |    73 |   100 ||   173
       Punch             |     1 |       ||     1
Throw: Dart              |     8 |     2 ||    10
  Use: Potion            |       |     2 ||     2
 Stab: Sleeping          |     2 |     1 ||     3
Armor: Scale mail        |    17 |    39 ||    56
       Robe              |     1 |       ||     1
Dodge: Dodged            |    38 |    63 ||   101
Block: Buckler           |     5 |    15 ||    20
